 Dungeon Crawl Stone Soup version 0.31-a0-1338-gb567cfdca4 (webtiles) character file.

Game seed: 4285968319547726168

93 Curundu the Poker (level 4, -4/41 HPs)
             Began as a Minotaur Berserker on Dec 22, 2023.
             Was a Believer of Trog.
             Slain by a gnoll
             ... wielding a +0 flail
             ... led by a gnoll bouda
              (9 damage)
             ... on level 3 of the Dungeon.
             The game lasted 00:05:29 (1473 turns).

Curundu the Poker (Minotaur Berserker)              Turns: 1473, Time: 00:05:29

Health: -4/41      AC: 12    Str: 23    XL:     4   Next: 36%
Magic:  3/3        EV:  7    Int:  4    God:    Trog [**....]
Gold:   89         SH:  0    Dex: 10    Spells: 3/3 levels left

rFire   . . .        a - +0 spear
rCold   . . .        (no shield)
rNeg    . . .        c - +0 plate armour
rPois   .            (helmet restricted)
rElec   .            (no cloak)
rCorr   .            (no gloves)
SInv    .            g - +0 pair of boots
Will    .....        (no amulet) Stlth
                     (no ring)
HPRegen 0.26/turn    (no ring)
MPRegen 0.08/turn

%: no passive effects
@: weakened
A: horns 2, retaliatory headbutt
a: Renounce Religion, Berserk, Trog's Hand


You were on level 3 of the Dungeon.
You worshipped Trog.
Trog was pleased with you.
You visited 1 branch of the dungeon, and saw 3 of its levels.

You collected 89 gold pieces.

Inventory:

Hand Weapons
 a - a +0 spear (weapon)
Armour
 b - a +0 animal skin
 c - a +0 plate armour (worn)
 g - a +0 pair of boots (worn)
Jewellery
 l - a ring of poison resistance
Scrolls
 h - a scroll of brand weapon {unknown}
 k - 2 scrolls of fog {unknown}
 m - a scroll of silence {unknown}
 n - a scroll of torment {unknown}
 o - a scroll of identify {unknown}
 p - a scroll of fear {unknown}
Potions
 d - 2 potions of might {unknown}
 e - a potion of lignification {unknown}
 f - a potion of heal wounds {unknown}
 i - a potion of invisibility {unknown}
 j - a potion of curing {unknown}
 q - a potion of degeneration {unknown}


   Skills:
 + Level 4.7 Fighting
 + Level 4.9 Polearms
 + Level 3.0 Armour
 + Level 2.5 Dodging


You had 3 spell levels left.
You didn't know any spells.
Your spell library was empty.

Dungeon Overview and Level Annotations

Branches:
Dungeon (3/15)

Altars:


Innate Abilities, Weirdness & Mutations

You have a pair of horns on your head.
You reflexively headbutt those who attack you in melee.


Message History

You hit the gnoll but do no damage.
The gnoll is lightly wounded.
The gnoll hits you but does no damage.
The gnoll bouda calls upon its god to heal the gnoll.
The gnoll's wounds heal themselves!
The gnoll hits you with a +0 flail.
You hit the gnoll.
The gnoll is lightly wounded.
The gnoll barely misses you. The gnoll hits you with a +0 flail.
The gnoll completely misses you.
The gnoll bouda hits you but does no damage.
You hit the gnoll. Your headbutt misses the gnoll.
The gnoll is moderately wounded.
The gnoll hits you with a +0 flail. The gnoll barely misses you.
You hit the gnoll.
The gnoll is severely wounded.
The gnoll hits you but does no damage. The gnoll barely misses you.
The gnoll bouda barely misses you. You furiously retaliate!
You headbutt the gnoll bouda. You closely miss the gnoll.
Your headbutt misses the gnoll.
The gnoll is severely wounded.
The gnoll hits you but does no damage. The gnoll hits you with a +0 flail.
The gnoll hits you from afar with a +0 halberd.
The gnoll closely misses you.
The gnoll bouda hits you but does no damage.
You hit the gnoll but do no damage. Your headbutt misses the gnoll.
The gnoll is severely wounded.
The gnoll hits you but does no damage. The gnoll barely misses you.
You furiously retaliate!
You headbutt the gnoll. The gnoll hits you with a +0 flail.
The gnoll hits you from afar with a +0 halberd!
* * * LOW HITPOINT WARNING * * *
The gnoll bouda hits you but does no damage.
You hit the gnoll.
The gnoll is severely wounded.
The gnoll closely misses you. The gnoll barely misses you. x2
The gnoll hits you but does no damage. The gnoll bouda barely misses you.
You closely miss the gnoll. Your headbutt misses the gnoll.
The gnoll is severely wounded.
The gnoll hits you with a +0 flail!
You die...

#8..8....#####
#...# #.
#8..8....##
#...# #.
#8........#
#...####
#...P+#...#
#...##..
###...#...#
######..
###..8.8# #..
#.....# .....
#.gPP8# ###..
##@gg8# #.
##g#....) .#.
g#..... .#..
.. .... #. #..
g.. ..#. #.. .
## #. ... #<
.... #. #.


You could see a gnoll bouda and 4 gnolls.

Vanquished Creatures
  3 adders (D:2)
  A bombardier beetle (D:3)
  A dart slug (D:1)
  9 ball pythons
  6 bats
  5 endoplasms
  5 giant cockroaches
  3 goblins
  7 hobgoblins
  2 jackals (D:2)
  2 quokkas (D:2)
  A ball python zombie (D:3)
  A frilled lizard (D:3)
  2 kobolds
  4 rats (D:2)
52 creatures vanquished.

Notes
Turn   | Place    | Note
-------+----------+-------------------------------------------
     0 | D:1      | Curundu the Minotaur Berserker began the quest for the Orb.
     0 | D:1      | Reached XP level 1. HP: 19/19 MP: 0/0
   132 | D:1      | Reached XP level 2. HP: 21/27 MP: 1/1
   244 | D:1      | Found a faded altar of an unknown god.
   395 | D:1      | Reached ** piety under Trog
   551 | D:1      | Reached XP level 3. HP: 31/33 MP: 2/2
  1183 | D:2      | Reached XP level 4. HP: 41/41 MP: 3/3
  1473 | D:3      | Slain by a gnoll

Illustrated notes

Levels and vault maps discovered:
D:1:      amcnicky_arrival_abandoned_market, layout_loops_ring,
          hellmonk_ecumenical_altar_slurped_away
D:2:      layout_basic, minmay_misc_feat_more_columns
D:3:      layout_basic, serial_undead, serial_undead_e, serial_undead_c,
          serial_undead_e, serial_undead_c, minmay_misc_feat_ornament,
          grunt_ministairs_13, serial_park_tiny_1, grunt_decor_one_mirror

Skill      XL: |  1  2  3  4 |
---------------+-------------+-----
Fighting       | 4 |  4.7
Polearms       | 4 |  4.9
Armour         | 3 |  3.0
Dodging        | |  2.5

Action                     |  1- 3 |  4- 6 || total
---------------------------+-------+-------++-------
  Melee: Spear             |   111 |    33 ||   144
         Headbutt          |    11 |     7 ||    18
         Punch             |     2 |       ||     2
 Armour: Plate armour      |   108 |    35 ||   143
         Animal skin       |     5 |       ||     5
  Dodge: Dodged            |    47 |    19 ||    66

Table legend: (Time is in decaauts)
 A = Elapsed time spent in this place.
 B = Non-inter-level travel time spent in this place.
 C = Inter-level travel time spent in this place.
 D = Time resting spent in this place.
 E = Time spent auto-exploring this place.
 F = Levels seen in this place.
 G = Mean time per level.
                   A        B        C        D        E       F      G
               +--------+--------+--------+--------+--------+-----+--------+
         Total |   1455 |   1455 |      0 |      0 |    953 |   3 |  485.0 |
       Dungeon |   1455 |   1455 |      0 |      0 |    953 |   3 |  485.0 |
               +--------+--------+--------+--------+--------+-----+--------+

Top non-repeatable levels by time:
     D:1: 823 daAuts
     D:2: 507 daAuts
     D:3: 124 daAuts
